 Dungeon Crawl Stone Soup version 0.29-a0-221-gceb61267dd (webtiles) character file.

Game seed: 7197021305649955718

357 Ordine the Chopper (level 6, -8/39 HPs)
             Began as a Tengu Fighter on Feb 26, 2022.
             Mangled by an angel
             ... wielding a +2 whip of holy wrath
              (24 damage)
             ... on level 1 of the Abyss.
             The game lasted 00:09:02 (2974 turns).

Ordine the Chopper (Tengu Fighter)                  Turns: 2974, Time: 00:09:03

Health: -8/39      AC: 10    Str: 18    XL:     6   Next: 64%
Magic:  7/7        EV:  8    Int:  9    God:
Gold:   33         SH:  6    Dex: 19    Spells: 5/5 levels left

rFire   . . .      SeeInvis .   a - +0 war axe
rCold   . . .      Faith    .   c - +0 buckler
rNeg    . . .      Spirit   .   k - +0 chain mail
rPois   .          Reflect  .   (helmet restricted)
rElec   .          Harm     .   (no cloak)
rCorr   .          Rampage  .   i - +0 pair of gloves
Will    .....                   (boots unavailable)
Stlth   ..........              (no amulet)
HPRegen 0.13/turn               g - +4 ring of slaying
MPRegen 0.10/turn               l - +6 ring of dexterity

@: flying quickly and evasively, glowing, quick
A: beak, talons 3, nimble flight
a: no special abilities


You were on level 1 of the Abyss.
You visited 1 branch of the dungeon, and saw 4 of its levels.
You visited the Abyss 1 time.

You collected 164 gold pieces.
You spent 131 gold pieces at shops.

Inventory:

Hand Weapons
 a - a +0 war axe (weapon)
Armour
 c - a +0 buckler (worn)
 i - a +0 pair of gloves (worn)
 k - a +0 chain mail (worn)
Jewellery
 g - a +4 ring of slaying (left hand)
 l - a +6 ring of dexterity (right hand)
Wands
 o - a wand of iceblast (11)
Scrolls
 m - a scroll of magic mapping {unknown}
 n - 2 scrolls of teleportation
 p - a scroll of fear
 q - a scroll of amnesia
Potions
 b - a potion of attraction
 d - a potion of might
 e - a potion of curing
 f - a potion of resistance
 h - a potion of haste {unknown}
 j - a potion of cancellation {unknown}


   Skills:
 + Level 4.4 Fighting
 * Level 5.5 Axes
 - Level 3.2 Armour
 + Level 4.4 Shields


You had 5 spell levels left.
You didn't know any spells.
Your spell library contained the following spells:

 Spells                   Type           Power      Damage    Failure   Level
 Gell's Gravitas          Tloc           0%         N/A       100%        3
 Teleport Other           Tloc           0%         N/A       100%        3
 Dispersal                Tloc           0%         N/A       100%        6


Dungeon Overview and Level Annotations

Branches:
Dungeon (4/15)
 Temple: D:4-7

Altars:
Wu Jian

Shops:
D:3 ?


Innate Abilities, Weirdness & Mutations

You have a beak for a mouth.
You have claws for feet.
Your magical nature lets you fly swiftly and evasively.


Message History

You kill the raiju!
That felt strangely unrewarding.
The substance of the Abyss twists violently, and a gateway leading out appears!
You are suddenly pulled into a different region of the Abyss!
Unknown command.
A starcursed mass comes into view.
An iron imp comes into view.
The iron imp shouts!
You barely miss the iron imp. Your kick misses the iron imp.
The iron imp hits you but does no damage.
You slash the iron imp! Your kick misses the iron imp.
The iron imp is severely wounded.
The iron imp hits you but does no damage.
You hit the iron imp.
You kill the iron imp!
That felt strangely unrewarding.
You start resting.
A freezing wraith comes into view.
You start resting.
A raiju comes into view.
You start resting.
An angel comes into view. It is wielding a +2 whip of holy wrath.
The angel shouts!
A raiju comes into view.
A wraith comes into view.
The angel hits you but does no damage.
The angel hits you with a +2 whip of holy wrath.
A tentacled starspawn comes into view.
The angel hits you with a +2 whip of holy wrath!
The angel hits you with a +2 whip of holy wrath.
A tentacle flies out from the starspawn's body!
A starspawn tentacle comes into view.
A starspawn tentacle comes into view.
You hit the starspawn tentacle. You claw the starspawn tentacle.
You peck the starspawn tentacle, but do no damage.
The starspawn tentacle is moderately damaged.
You closely miss the angel.
The angel hits you with a +2 whip of holy wrath!!
Ouch! That really hurt!
You die...

.............####.
.. .....#.......##
............#....
###.#........#...#
............ ###.
#.........# .#. .
###...########. #
#...###.....# #
....w─w@A...# #.
...//.......#
..│/...#....# .. .
..X#.....h.## .
#..........#
#...........
......#....#.
..............


You could see an angel, a tentacled starspawn, a raiju and 2 starspawn
tentacles.

Vanquished Creatures
  A raiju (Abyss:1)
  A kobold brigand (D:4)
  The ghost of flestrin the Skirmisher, a weakling PaFi (D:4)
  An iron imp (Abyss:1)
  Jessica (D:2)
  Terence (D:2)
  Natasha (thrice) (D:2)
  Robin (D:2)
  A gnoll (D:1)
  3 adders
  An ufetubus (Abyss:1)
  A worm (D:2)
  3 dart slugs
  2 orcs
  5 endoplasms
  12 goblins
  5 hobgoblins
  4 quokkas
  4 ball pythons
  2 bats
  3 frilled lizards
  4 kobolds
  8 rats
68 creatures vanquished.

Vanquished Creatures (others)
  2 fungi
2 creatures vanquished.

Grand Total: 70 creatures vanquished

Notes
Turn   | Place    | Note
-------+----------+-------------------------------------------
     0 | D:1      | Ordine the Tengu Fighter began the quest for the Orb.
     0 | D:1      | Reached XP level 1. HP: 14/14 MP: 2/2
    24 | D:1      | Reached XP level 2. HP: 10/19 MP: 3/3
   646 | D:1      | Reached skill level 3 in Axes
   732 | D:1      | Found a faded altar of an unknown god.
   754 | D:1      | Reached XP level 3. HP: 17/23 MP: 4/4
  1189 | D:2      | Noticed Terence
  1206 | D:2      | Killed Terence
  1207 | D:2      | Reached XP level 4. HP: 11/28 MP: 5/5
  1515 | D:2      | Noticed Jessica
  1518 | D:2      | Killed Jessica
  1519 | D:2      | Reached skill level 4 in Axes
  1537 | D:2      | Noticed Natasha
  1544 | D:2      | Gained mutation: Your magical nature lets you fly swiftly
                  | and evasively. [Tengu growth]
  1544 | D:2      | Reached XP level 5. HP: 33/33 MP: 6/6
  1544 | D:2      | Killed Natasha
  1547 | D:2      | Noticed Robin
  1551 | D:2      | Killed Robin
  1718 | D:2      | Noticed Natasha
  1725 | D:2      | Killed Natasha
  1970 | D:2      | Noticed Natasha
  1979 | D:2      | Killed Natasha
  2058 | D:3      | Reached XP level 6. HP: 38/38 MP: 7/7
  2206 | D:3      | Identified the +8 short sword of Gozag's Approval {vorpal,
                  | rF+}
  2402 | D:3      | Found Deyfem's Magic Scroll Shop.
  2434 | D:3      | Bought a scroll of identify for 22 gold pieces
  2434 | D:3      | Bought a scroll of teleportation for 33 gold pieces
  2434 | D:3      | Bought a scroll of fear for 38 gold pieces
  2434 | D:3      | Bought a scroll of amnesia for 38 gold pieces
  2480 | D:4      | Found an ornate altar of the Wu Jian Council.
  2599 | D:4      | Reached skill level 5 in Axes
  2690 | D:4      | Found a runed translucent gate.
  2690 | D:4      | Found a runed translucent gate.
  2691 | D:4      | Noticed flestrin's ghost (weakling PaFi)
  2692 | D:4      | Found a runed translucent gate.
  2703 | D:4      | Killed flestrin's ghost
  2706 | D:4      | Cast into level 1 of the Abyss (kobold)
  2713 | Abyss:1  | Noticed a thrashing horror
  2771 | Abyss:1  | Noticed a raiju
  2789 | Abyss:1  | Killed a raiju
  2846 | Abyss:1  | Noticed a starcursed mass
  2927 | Abyss:1  | Noticed a freezing wraith
  2950 | Abyss:1  | Noticed a raiju
  2961 | Abyss:1  | Noticed an angel
  2970 | Abyss:1  | Noticed a raiju
  2971 | Abyss:1  | Noticed a wraith
  2972 | Abyss:1  | Noticed a tentacled starspawn
  2974 | Abyss:1  | Mangled by an angel

Illustrated notes

Levels and vault maps discovered:
D:1:      tarquinn_simple_flora_water_c, layout_basic,
          shapermc_ecumenical_altar_petra, minmay_misc_feat_five,
          roderic_malta_cross
D:2:      layout_rooms, uniq_natasha, uniq_robin, uniq_terence, uniq_jessica
D:3:      layout_basic, serial_shops, nicolae_diamond_shop
D:4:      layout_loops_corners, overflow_temple_1_default,
          gammafunk_ghost_nasty_kobolds
Abyss:1:  base: D:3, evilmike_abyss_exit_vortex

Skill      XL: |  1  2  3  4  5  6 |
---------------+-------------------+-----
Axes           | 3 4 5 |  5.5
Fighting       | 4 |  4.4
Shields        | 4 |  4.4
Armour         | |  3.2

Action                   |  1- 3 |  4- 6 || total
-------------------------+-------+-------++-------
Melee: War axe           |    48 |    70 ||   118
       Kick              |    12 |    16 ||    28
       Peck              |     3 |    13 ||    16
  Use: Potion            |     1 |     2 ||     3
       Scroll            |       |     2 ||     2
Armor: Scale mail        |    21 |       ||    21
       Chain mail        |       |    38 ||    38
Dodge: Dodged            |    16 |    13 ||    29
Block: Buckler           |     8 |    22 ||    30

Table legend: (Time is in decaauts)
 A = Elapsed time spent in this place.
 B = Non-inter-level travel time spent in this place.
 C = Inter-level travel time spent in this place.
 D = Time resting spent in this place.
 E = Time spent auto-exploring this place.
 F = Levels seen in this place.
 G = Mean time per level.
                   A        B        C        D        E       F      G
               +--------+--------+--------+--------+--------+-----+--------+
         Total |   2910 |   2809 |    101 |     46 |   2309 |   5 |  582.0 |
       Dungeon |   2649 |   2548 |    101 |      0 |   2173 |   4 |  662.2 |
         Abyss |    260 |    260 |      0 |     46 |    136 |   1 |  260.0 |
               +--------+--------+--------+--------+--------+-----+--------+

Top non-repeatable levels by time:
     D:1: 1070 daAuts
     D:2: 948 daAuts
     D:3: 418 daAuts
 Abyss:1: 260 daAuts
     D:4: 212 daAuts
